 Dungeon Crawl Stone Soup version 0.25.1-1-g288607f5aa (webtiles) character file.

Game seed: 12681457897465714195

28 Descartes the Sneak (level 2, 0/11 HPs)
             Began as a Felid Enchanter on July 19, 2020.
             Slain by a quokka (3 damage)
             ... on level 4 of the Dungeon.
             The game lasted 00:02:36 (1539 turns).

Descartes the Sneak (Felid Enchanter)               Turns: 1539, Time: 00:02:38

Health: 0/11       AC:  1    Str:  4    XL:     2   Next: 96%
Magic:  6/6        EV: 15    Int: 16    God:
Gold:   40         SH:  0    Dex: 16    Spells: 2/5 levels left
                                        Lives:  0   Deaths: 0

rFire    . . .     SeeInvis +     - Unarmed
rCold    . . .     Gourm    .   (shield unavailable)
rNeg     . . .     Faith    .   (armour unavailable)
rPois    .         Spirit   .   (helmet unavailable)
rElec    .         Reflect  .   (cloak unavailable)
rCorr    .         Harm     .   (gloves unavailable)
MR       .....                  (boots unavailable)
Stlth    ++++......             (no amulet)
HPRegen  0.03/turn              (no ring)
MPRegen  0.10/turn              (no ring)

@: constricted, quick
A: very small, no armour, no weapons or thrown items, stealth, claws 1, fangs 3,
see invisible, carnivore, speed 1, shaggy fur 1, slow metabolism 1, sharp paws
a: no special abilities


You were on level 4 of the Dungeon.
You were completely stuffed.

You visited 1 branch of the dungeon, and saw 4 of its levels.

You collected 40 gold pieces.

Inventory:

Scrolls
 a - a scroll of fear {unknown}
 c - a scroll of remove curse {unknown}
 e - a scroll of amnesia {unknown}
 g - a scroll of blinking {unknown}
Potions
 d - a potion of cancellation {unknown}
 f - a potion of curing
Comestibles
 b - 2 rations
 h - 3 chunks of flesh


   Skills:
 + Level 3.0 Dodging
 + Level 5.6 Stealth
 - Level 1.0 Unarmed Combat
 - Level 2.0 Spellcasting
 - Level 4.4 Hexes


You had 2 spell levels left.
You knew the following spells:

 Your Spells              Type           Power        Failure   Level  Hunger
a - Corona                Hex            ###....      3%          1    #......
b - Ensorcelled Hibernat  Hex/Ice        #.....       13%         2    ###....

Your spell library contained the following spells:

 Spells                   Type           Power        Failure   Level  Hunger
 Confusing Touch          Hex            ###.....     11%         3    ###....
 Tukima's Dance           Hex            ###.....     11%         3    ###....
 Dazzling Flash           Conj/Hex       #.....       26%         3    ###....


Dungeon Overview and Level Annotations

Branches:
Dungeon (4/15)
 Temple: D:4-7

Altars:
Dithmenos

Annotations:
D:2 exclusion: adder


Innate Abilities, Weirdness & Mutations

You cannot wear armour.
You are incapable of wielding weapons or throwing items.
Your paws allow you to move quietly. (Stealth)
You have sharp claws.
You have razor-sharp teeth.
You have supernaturally acute eyesight. (SInv)
You are carnivorous and can eat meat at any time.
You cover ground quickly.
You are covered in fur. (AC +1)
You have a slow metabolism.
Your sharp claws are effective at attacking unaware monsters.


Message History

You escape the ball python's grasp.
The quokka closely misses you.
You climb downwards.
There is a stone staircase leading up here.
You closely miss the ball python. The ball python misses you.
The ball python barely misses you. The quokka misses you.
The ball python barely misses you. The ball python grabs you.
The ball python constricts you.
You closely miss the ball python. The quokka barely misses you.
The ball python barely misses you. The ball python constricts you.
You scratch the ball python.
The ball python is heavily wounded.
The quokka closely misses you. The ball python bites you.
The ball python constricts you.
You scratch the ball python but do no damage.
Your bite misses the ball python.
The ball python is heavily wounded.
The quokka barely misses you. The ball python bites you.
* * * LOW HITPOINT WARNING * * *
The ball python constricts you. The quokka bites you.
You die...

#..........##
#.#####...##
#.# ..## #.#
..# #.# .##
#.#####.#
#.......#
####r##..#
#@# # #S# #.#
#...# ###.#
.# #


You could see a quokka and a ball python.

Vanquished Creatures
  An adder (D:4)
  2 goblins (D:1)
  4 hobgoblins
  3 jackals
  A bat (D:1)
  A frilled lizard (D:2)
  A kobold (D:1)
  5 rats
18 creatures vanquished.

Notes
Turn   | Place    | Note
-------+----------+-------------------------------------------
     0 | D:1      | Descartes the Felid Enchanter began the quest for the Orb.
     0 | D:1      | Reached XP level 1. HP: 7/7 MP: 4/4
   777 | D:1      | Reached XP level 2. HP: 11/11 MP: 6/6
   823 | D:1      | Reached skill level 5 in Stealth
   958 | D:2      | Found a shadowy altar of Dithmenos.
  1464 | D:2      | You fall into a shaft and drop 2 floors!
  1476 | D:4      | Learned a level 2 spell: Ensorcelled Hibernation
  1539 | D:4      | Slain by a quokka

Illustrated notes

Levels and vault maps discovered:
D:1:      minmay_arrival_checkered_box, layout_loops_ring
D:2:      layout_loops_ring, lemuel_crystal_altar, uniq_terence, uniq_robin
D:3:      layout_rooms, gammafunk_ghost_necromancy
D:4:      layout_loops_ring, first_ration

Skill      XL: |  1  2 |
---------------+-------+-----
Stealth        | 5 |  5.6
Dodging        | 3 |  3.0
Unarmed Combat | |  1.0
Spellcasting   | |  2.0
Hexes          | |  4.4

Action                   || total
-------------------------++-------
Melee: Unarmed           ||    69
       Bite              ||     3
  Use: Potion            ||     1
 Stab: Sleeping          ||     8
  Eat: Chunk             ||     8
Dodge: Dodged            ||    70
